 Dungeon Crawl Stone Soup version 0.26-a0-43-g20b394cb32 (webtiles) character file.

Game seed: 8601500165578183538

84 MarredHen the Conjurer (level 4, 0/24 HPs)
             Began as a Kobold Conjurer on June 2, 2020.
             Slain by a scorpion (4 damage)
             ... on level 4 of the Dungeon.
             The game lasted 00:06:49 (4099 turns).

MarredHen the Conjurer (Kobold Conjurer)            Turns: 4099, Time: 00:06:50

Health: 0/24       AC:  4    Str:  5    XL:     4   Next: 72%
Magic:  6/8        EV: 15    Int: 17    God:
Gold:   172        SH:  0    Dex: 15    Spells: 7/8 levels left

rFire    . . .     SeeInvis .   q - +2 dagger (flame)
rCold    . . .     Gourm    .   (shield restricted)
rNeg     . . .     Faith    .   a - +0 robe
rPois    .         Spirit   .   (no helmet)
rElec    .         Reflect  .   (no cloak)
rCorr    .         Harm     .   o - +1 pair of gloves
MR       .....                  (no boots)
Stlth    ++........             (no amulet)
HPRegen  0.08/turn              (no ring)
MPRegen  0.11/turn              (no ring)

@: lethally poisoned (0 -> -12)
A: small, carnivore
a: no special abilities


You were on level 4 of the Dungeon.
You were not hungry.

You visited 1 branch of the dungeon, and saw 4 of its levels.

You collected 172 gold pieces.

Inventory:

Hand Weapons
 j - a +0 short sword of flaming
 q - a +2 dagger of flaming (weapon)
Armour
 a - a +0 robe (worn)
 o - a +1 pair of gloves (worn)
Jewellery
 n - an uncursed ring of stealth {unknown}
Wands
 e - a wand of polymorph (9)
Scrolls
 b - 3 scrolls of remove curse
 f - a scroll of teleportation
 k - 2 scrolls of magic mapping
 m - 3 scrolls of amnesia
Potions
 d - a potion of flight
 g - 4 potions of curing
 h - a potion of magic
 l - a potion of lignification {unknown}
Comestibles
 c - 10 rations


   Skills:
 + Level 0.7 Fighting
 + Level 1.2 Short Blades
 + Level 2.7 Dodging
 + Level 3.5 Stealth
 + Level 2.8 Spellcasting
 * Level 4.8 Conjurations


You had 7 spell levels left.
You knew the following spells:

 Your Spells              Type           Power        Failure   Level  Hunger
a - Magic Dart            Conj           ###.         2%          1    #......

Your spell library contained the following spells:

 Spells                   Type           Power        Failure   Level  Hunger
 Searing Ray              Conj           ###...       3%          2    ##.....
 Dazzling Flash           Conj/Hex       ##....       21%         3    ###....
 Fulminant Prism          Conj/Hex       ##........   54%         4    #####..
 Iskenderun's Mystic Bla  Conj/Tloc      ##......     54%         4    #####..


Dungeon Overview and Level Annotations

Branches:
Dungeon (4/15)             Temple (0/1) D:4

Altars:


Innate Abilities, Weirdness & Mutations

You are small and have problems with some larger weapons.
You are carnivorous and can eat meat at any time.


Message History

You hit the orc priest but do no damage.
The orc priest is heavily wounded.
The orc priest hits you with a +0 mace.
You hit the orc priest. You burn the orc priest.
The orc priest is almost dead.
The orc priest mumbles some strange prayers to Beogh against you.
Pain shoots through your body!
You hit the orc priest but do no damage.
The orc priest is almost dead.
The orc priest looks braver for a moment.
You hit the orc priest but do no damage.
The orc priest is almost dead.
The orc priest looks satisfied for a moment.
The scorpion stings you.
* * * LOW HITPOINT WARNING * * *
You are lethally poisoned!
The scorpion poisons you!
* * * LOW HITPOINT WARNING * * *
You feel sick. The scorpion stings you.
You die...

... #....
#...#....
#...#...# #
.......#.# ###
.###.....#.#...
.......#.....
......#..#.#
#.>Z.o@..#
....#..s#### .
#...# <....#
#.##.#.. ..
#.##. # #. . ..
..


You could see a scorpion, an orc priest and a leopard gecko skeleton.

Vanquished Creatures
  3 oozes
  A dart slug (D:1)
  4 leopard geckos
  3 bats
  3 giant cockroaches
  10 goblins
  4 hobgoblins
  14 jackals
  A quokka (D:3)
  3 frilled lizards
  8 kobolds
  3 rats
57 creatures vanquished.

Notes
Turn   | Place    | Note
-------+----------+-------------------------------------------
     0 | D:1      | MarredHen the Kobold Conjurer began the quest for the Orb.
     0 | D:1      | Reached XP level 1. HP: 10/10 MP: 3/3
   195 | D:1      | Reached XP level 2. HP: 15/15 MP: 0/5
   796 | D:1      | You fall into a shaft and drop 1 floor!
   863 | D:2      | Reached XP level 3. HP: 19/19 MP: 2/6
  1928 | D:2      | Reached XP level 4. HP: 24/24 MP: 2/8
  2681 | D:2      | Found a faded altar of an unknown god.
  2966 | D:3      | Reached skill level 1 in Short Blades
  4090 | D:4      | Found a staircase to the Ecumenical Temple.
  4099 | D:4      | Slain by a scorpion

Illustrated notes

Levels and vault maps discovered:
D:1:      roderic_dead_forest, layout_basic, minmay_tromino_i4
D:2:      layout_loops_corners, chequers_ecumenical_altar_grove
D:3:      layout_basic
D:4:      layout_basic, minmay_temple_entry_proselytizer, first_ration

Skill      XL: |  1  2  3  4 |
---------------+-------------+-----
Stealth        | 3 |  3.5
Short Blades   | 1 |  1.2
Fighting       | |  0.7
Dodging        | |  2.7
Spellcasting   | |  2.8
Conjurations   | |  4.8

Action                   |  1- 3 |  4- 6 || total
-------------------------+-------+-------++-------
Melee: Club              |     1 |       ||     1
       Dagger            |    45 |     4 ||    49
       Short sword       |       |    10 ||    10
 Cast: Magic Dart        |    59 |    57 ||   116
  Use: Scroll            |       |     7 ||     7
  Eat: Chunk             |     4 |     7 ||    11
Armor: Robe              |     7 |     2 ||     9
Dodge: Dodged            |    51 |    10 ||    61

Table legend:
 A = Non-vault XP
 B = Vault XP
 C = Vault XP percentage of total XP
 D = Non-vault monster count
 E = Vault monster count
 F = Vault count percentage of total count
                 A         B        C        D         E       F
            +---------+---------+-------+---------+---------+-------
      Total |     113 |       7 |   5.8 |      54 |       3 |   5.3
            +---------+---------+-------+---------+---------+-------
        D:1 |      45 |       7 |  13.5 |      20 |       3 |  13.0
        D:2 |      31 |       0 |   0.0 |      12 |       0 |   0.0
        D:3 |      37 |       0 |   0.0 |      22 |       0 |   0.0
            +---------+---------+-------+---------+---------+-------
